 Dungeon Crawl Stone Soup version 0.18-a0-1560-ge216ca8 (webtiles) character file.

446 Geeful the Bolt Thrower (level 7, -5/44 HPs)
             Began as a Kobold Hunter on Mar 12, 2016.
             Killed by divine providence
             ... invoked by an orc priest
              (11 damage)
             ... on level 4 of the Dungeon.
             The game lasted 00:13:59 (3230 turns).

Geeful the Bolt Thrower (Kobold Hunter)             Turns: 3230, Time: 00:13:59

Health: -5/44      AC:  8    Str: 10    XL:     7   Next: 24%
Magic:  7/7        EV: 13    Int:  9    God:
Gold:   240        SH:  0    Dex: 19    Spells: 0 memorised, 6 levels left

rFire  + . .     SeeInvis .     b - +0 dagger (speed)
rCold  . . .     Gourm    .     j - +0 scale mail
rNeg   . . .     Faith    .     (shield restricted)
rPois  .         Spirit   .     (no helmet)
rElec  .         Dismiss  .     (no cloak)
rCorr  .         Reflect  .     o - +0 pair of gloves
SustAt +         Harm     .     l - +0 pair of boots
MR     .....                    (no amulet)
Stlth  +.........               x - ring of protection from fire
                                i - ring of sustain attributes

@: not resistant to hostile enchantments, very unstealthy
A: carnivore 3
a: no special abilities


You were on level 4 of the Dungeon.
You were very full.

You visited 1 branch of the dungeon, and saw 4 of its levels.

You collected 240 gold pieces.

Inventory:

Hand Weapons
 a - a +1 hand crossbow
 b - a +0 dagger of speed (weapon)
Missiles
 d - 25 bolts
 p - a throwing net (quivered)
Armour
 j - a +0 scale mail (worn)
 l - a +0 pair of boots (worn)
 o - a +0 pair of gloves (worn)
Jewellery
 i - a ring of sustain attributes (left hand)
 x - a ring of protection from fire (right hand)
Wands
 A - a wand of paralysis (12/24)
 C - a wand of random effects (11/48)
 D - a wand of random effects (10/48)
Scrolls
 e - a scroll of enchant armour {unknown}
 g - 2 scrolls of remove curse
 k - a scroll of teleportation {unknown}
 m - a scroll of fog {unknown}
 q - 2 scrolls of immolation {unknown}
 r - 2 scrolls of noise
 t - a scroll of amnesia {unknown}
 w - a scroll of magic mapping {unknown}
Potions
 c - 3 potions of agility
 s - a potion of magic
 u - a potion of flight
 v - a potion of haste
 z - 3 potions of curing
Comestibles
 f - 2 meat rations
 h - a beef jerky
 n - 2 slices of pizza


   Skills:
 + Level 4.8 Fighting
 + Level 6.9 Crossbows
 + Level 5.4 Dodging
 - Level 1.3 Stealth


You had 6 spell levels left.
You didn't know any spells.

Dungeon Overview and Level Annotations

Branches:
Dungeon (4/15)
 Temple: D:4-7

Altars:
Fedhas
Okawaru


Innate Abilities, Weirdness & Mutations

You are small and have problems with some larger weapons.
You are carnivorous and can eat meat at any time.


Message History

The boggart misses you.
The orc wizard gestures wildly while chanting.
The orc wizard blinks!
You hear some strange, mumbled words.
You hit the boggart but do no damage.
The boggart is severely wounded.
You hit the boggart.
The boggart is severely wounded.
The boggart gestures wildly while chanting.
The boggart blinks!
Evoke which item? (* to show all) (? for menu, Esc to quit)
Zapping:
C - a wand of random effects {zapped: 12} (will waste charges)
Press: ? - help, Shift-Dir - straight line, f/p - boggart
Aim: a boggart, wielding a flail (severely wounded)
The orc priest resists with almost no effort.
Evoking this partially-identified wand wasted a few charges.
The orc priest casts a cantrip, but nothing happens.
The orc priest mumbles some strange prayers to Beogh against you.
Beogh smites you!
You die...

#.≈≈≈≈≈≈≈≈P..#
#.≈≈≈≈≈≈≈≈P..#
#.P≈≈≈≈≈≈≈...#
#P)≈≈≈≈≈....P#
#.PP.≈≈....P.#
#..P..P..P...#
#########.####
#.#############.
#.......@o..oog.
###############.


You could see a boggart, 2 orc priests and an orc wizard.

Vanquished Creatures
  An ogre (D:4)
  3 orc wizards (D:4)
  A hound (D:4)
  Natasha (thrice) (D:4)
  3 gnolls (D:4)
  3 adders
  2 oozes
  4 worms
  3 dart slugs
  A giant gecko (D:2)
  10 orcs (D:4)
  2 ball pythons
  8 giant cockroaches
  10 goblins
  10 hobgoblins
  4 kobolds
  2 quokkas
  5 bats
  5 giant newts
  10 rats
  A plant (D:4)
91 creatures vanquished.

Notes
Turn   | Place    | Note
--------------------------------------------------------------
     0 | D:1      | Geeful the Kobold Hunter began the quest for the Orb.
     0 | D:1      | Reached XP level 1. HP: 12/12 MP: 1/1
   126 | D:1      | Reached skill level 5 in Crossbows
   177 | D:1      | Reached XP level 2. HP: 18/18 MP: 2/2
   614 | D:1      | Reached XP level 3. HP: 22/22 MP: 3/3
  1140 | D:2      | Found an iron altar of Okawaru.
  1342 | D:2      | Reached XP level 4. HP: 28/28 MP: 4/4
  1419 | D:2      | Found a blossoming altar of Fedhas.
  1544 | D:2      | Found a faded altar to an unknown god.
  2268 | D:3      | Reached XP level 5. HP: 32/32 MP: 5/5
  2332 | D:4      | Noticed an ogre
  2337 | D:4      | Killed an ogre
  2337 | D:4      | Reached skill level 6 in Crossbows
  2356 | D:4      | Reached XP level 6. HP: 38/38 MP: 6/6
  2699 | D:4      | Got a fine buckler
  2711 | D:4      | Identified the cursed -4 buckler of Goamyseh {rPois rC+ Dex+2} (You found it on level 4 of the Dungeon)
  2771 | D:4      | Reached skill level 5 in Dodging
  2812 | D:4      | Noticed Natasha
  2825 | D:4      | Killed Natasha
  2851 | D:4      | Noticed Natasha
  2859 | D:4      | Killed Natasha
  2859 | D:4      | Reached XP level 7. HP: 40/44 MP: 7/7
  2961 | D:4      | Noticed Natasha
  2977 | D:4      | Killed Natasha
  3230 | D:4      | Killed from afar by an orc priest

Vault maps used:
D:1:      shiori_arrival_oz, minivault_14
D:2:      nicolae_overflow_hidden_temple, ecumenical_altar_2, okawaru_trees_2
D:4:      ashenzari_conservatory_becter, guppyfry_early_lair_pool, uniq_edmund,
          uniq_natasha, uniq_menkaure

Skill      XL: |  1  2  3  4  5  6 |
---------------+-------------------+-----
Crossbows      | 5 6 |  6.9
Dodging        | 3 4 5 |  5.4
Fighting       | 3 4 |  4.8
Stealth        | |  1.3

Action                   |  1- 3 |  4- 6 |  7- 9 || total
-------------------------+-------+-------+-------++-------
Melee: Dagger            |     4 |     3 |   137 ||   144
 Fire: Hand crossbow     |    78 |   142 |    17 ||   237
Evoke: Wand              |       |       |     6 ||     6
  Use: Scroll            |     1 |     8 |     1 ||    10
  Eat: Chunk             |    10 |     4 |     1 ||    15
